AoeStats
← s94004990

Arena

509643235Analyzed
1v1 RM · 3d ago on Sep 27, 2026· 79m 14s· 2 players
Game mode
Random Map
Map size
Tiny (2 player)
Population
200
Speed
Normal
Resources
Standard
Victory
Conquest
Starting age
Dark Age
Ending age
Imperial Age
RankedLock teamsTeams togetherTeam positionsShared explorationLock speedFull tech treeHidden civsTurbo modeCheats
Victory
Defeat
🇹🇼 Poles · Taiwan
1098
+16
🇲🇽 Japanese · Mexico
1093
-16
sonrisgsvh1131
9:51 Feudal Age
11:42 Loom
15:58 Castle Age
14:25 Stone Mining
14:25 Double-Bit Axe
21:38 Scale Mail Armor
23:02 Fletching
25:13 Treadmill Crane
26:22 Fervor
28:28 Horse Collar
34:21 Imperial Age
32:29 Murder Holes
32:28 Gold Mining
33:13 Forging
34:52 Bow Saw
36:24 Bodkin Arrow
36:47 Chain Mail Armor
37:41 Wheelbarrow
37:38 Block Printing
40:09 Gold Shaft Mining
40:39 Two-Man Saw
39:41 Heavy Plow
42:15 Hoardings
42:16 Plate Mail Armor
41:47 Bracer
42:22 Iron Casting
42:10 Ballistics
42:44 Conscription
43:39 Scale Barding Armor
43:08 Cavalier
43:49 Husbandry
46:15 Chain Barding Armor
46:56 Blast Furnace
47:38 Fortified Wall
49:57 Padded Archer Armor
49:38 Elite Skirmisher
50:52 Hand Cart
50:22 Town Watch
51:10 Leather Archer Armor
53:56 Herbal Medicine
54:56 Hoardings
55:52 Chemistry
55:04 Masonry
55:46 Siege Engineers
57:31 Kataparuto
57:54 Light Cavalry
58:44 Bloodlines
62:07 Town Patrol
64:09 Pikeman
64:50 Squires
s94004990
10:08 Feudal Age
11:24 Horse Collar
11:31 Double-Bit Axe
14:05 Loom
16:45 Castle Age
20:19 Bow Saw
22:01 Fletching
23:31 Bloodlines
23:23 Husbandry
23:49 Fletching
24:04 Heavy Plow
25:17 Heavy Plow
26:48 Wheelbarrow
26:54 Gold Mining
31:04 Ballistics
31:03 Hand Cart
32:07 Bodkin Arrow
33:19 Padded Archer Armor
36:58 Imperial Age
36:01 Leather Archer Armor
35:44 Light Cavalry
36:35 Stone Mining
38:45 Chemistry
38:26 Bracer
42:43 Crop Rotation
43:02 Siege Engineers
43:46 Winged Hussar
47:39 Masonry
48:30 Stone Shaft Mining
48:04 Heavy Mounted Crossbowman
49:35 Town Watch
51:11 Lechitic Legacy
51:12 Conscription
51:05 Scale Barding Armor
51:10 Forging
52:28 Chain Barding Armor
52:46 Hoardings
54:44 Iron Casting
55:23 Fortified Wall
60:06 Blast Furnace
65:56 Thumb Ring
71:18 Capped Ram
72:14 Siege Ram
Connection lost

Rejoining the realm…

Still unreachable

The connection could not be restored.

Session expired

The server has moved on; the page needs a fresh start.